 Dungeon Crawl Stone Soup version 0.20-a0-61-ga1b20b4 (webtiles) character file.

25 KristoblXynda the Chucker (level 3, 0/32 HPs)
             Began as a Naga Hunter on Nov 17, 2016.
             Slain by a kobold
             ... wielding a +0 club
              (3 damage)
             ... on level 1 of the Dungeon.
             The game lasted 00:01:31 (1374 turns).

KristoblXynda the Chucker (Naga Hunter)             Turns: 1374, Time: 00:01:32

Health: 0/32       AC:  2    Str: 15    XL:     3   Next: 4%
Magic:  3/3        EV:  9    Int: 11    God:
Gold:   68         SH:  0    Dex: 11    Spells: 0 memorised, 2 levels left

rFire  . . .     SeeInvis +     e - +0 club
rCold  . . .     Gourm    .     b - +0 leather armour
rNeg   . . .     Faith    .     (no shield)
rPois  +         Spirit   .     (no helmet)
rElec  .         Reflect  .     (no cloak)
rCorr  .         Harm     .     (no gloves)
MR     .....                    (no barding)
Stlth  ++........               (no amulet)
                                (no ring)
                                (no ring)

@: very slow
A: see invisible, deformed body, poison resistance, slowness 2, slow metabolism
1, spit poison 1, AC +1
a: Spit Poison


You were on level 1 of the Dungeon.
You were not hungry.

You visited 1 branch of the dungeon, and saw 1 of its levels.

You collected 68 gold pieces.

Inventory:

Hand Weapons
 e - a +0 club (weapon)
Missiles
 c - 4 javelins (quivered)
 d - 2 throwing nets
Armour
 b - a +0 leather armour (worn)
Scrolls
 h - 2 scrolls of teleportation {unknown}
 i - a scroll of recharging {unknown}
 k - a scroll of amnesia {unknown}
Potions
 a - a potion of cure mutation {unknown}
 j - a potion of agility {unknown}
Comestibles
 f - 2 bread rations
 g - a meat ration
 l - a chunk of flesh


   Skills:
 - Level 2.0 Fighting
 + Level 3.9 Throwing
 + Level 1.9 Dodging
 + Level 2.9 Stealth


You had 2 spell levels left.
You didn't know any spells.

Dungeon Overview and Level Annotations

Branches:
Dungeon (1/15)

Altars:


Innate Abilities, Weirdness & Mutations

You cannot wear boots.
Your serpentine skin is tough. (AC +1)
You have supernaturally acute eyesight. (SInv)
Armour fits poorly on your strangely shaped body.
Your system is resistant to poisons. (rPois)
You cover ground very slowly.
You have a slow metabolism.
You can spit poison.


Message History

Aim: a kobold, wielding a club and wearing a ring mail The splash of poison hits the kobold.
The kobold appears unharmed.
You feel slightly more hungry. The kobold misses you.
Throwing (i - inventory. (,) - cycle):
c - 6 javelins (quivered)
Press: ? - help, Shift-Dir - straight line, f/p - kobold
Aim: a kobold, wielding a club and wearing a ring mail You throw a javelin.
The javelin barely misses the kobold.
The javelin hits the giant cockroach!
You kill the giant cockroach!
The kobold hits you but does no damage.
Throwing (i - inventory. (,) - cycle):
c - 5 javelins (quivered)
Press: ? - help, Shift-Dir - straight line, f/p - kobold
Aim: a kobold, wielding a club and wearing a ring mail You throw a javelin.
The javelin barely misses the kobold.
The kobold barely misses you.
You can't do that yet.
Unknown command.
You have got your breath back.
The kobold hits you with a club.
You die...

#.#.##.###### #.#.##.#####
#..........# #.).##.###.#
##+## #......# #.###...##
##..#### #.##.....##
#.....# #.#.......##
###.#...###..........###..
................@K...'.(.(
#####...####.........###..
##..# ##.......## ##.#
##.....## #.# ##...## #.#
##'## #.# #.# #.#######..#
#..........#


You could see a kobold.

Vanquished Creatures
  3 leopard geckos (D:1)
  3 ball pythons (D:1)
  3 giant cockroaches (D:1)
  A hobgoblin (D:1)
  2 kobolds (D:1)
  4 bats (D:1)
  2 frilled lizards (D:1)
  A goblin (D:1)
  2 rats (D:1)
21 creatures vanquished.

Notes
Turn   | Place    | Note
-------+----------+-------------------------------------------
     0 | D:1      | KristoblXynda the Naga Hunter began the quest for the Orb.
     0 | D:1      | Reached XP level 1. HP: 19/19 MP: 1/1
   262 | D:1      | Reached XP level 2. HP: 7/26 MP: 2/2
  1356 | D:1      | Reached XP level 3. HP: 8/32 MP: 3/3
  1374 | D:1      | Slain by a kobold

Vault maps used:
D:1:      dpeg_arrival_simpleton_b

Skill      XL: |  1 |
---------------+----+-----
Stealth        | 2 |  2.9
Fighting       | |  2.0
Throwing       | |  3.9
Dodging        | |  1.9

Action                   || total
-------------------------++-------
Melee: Club              ||    83
       Short sword       ||     6
Throw: Javelin           ||     6
 Abil: Spit Poison       ||     5
 Stab: Sleeping          ||     1
  Eat: Chunk             ||     1
Armor: Leather armour    ||    26
Dodge: Dodged            ||    49
